 Dungeon Crawl Stone Soup version 0.31.0-10-gcf4a605ca0 (webtiles) character file.

Game seed: 9015739780136402527

695 groovy9 the Skirmisher (level 7, -4/57 HPs)
             Began as a Deep Elf Hunter on Jan 25, 2024.
             Slain by a shadow (6 damage)
             ... on level 5 of the Dungeon.
             The game lasted 00:12:31 (3980 turns).

groovy9 the Skirmisher (Deep Elf Hunter)            Turns: 3980, Time: 00:12:32

Health: -4/57      AC:  8    Str:  8    XL:     7   Next: 37%
Magic:  9/9        EV: 12    Int: 14    God:
Gold:   148        SH:  0    Dex: 20    Spells: 6/6 levels left

rFire   . . .        z - +1 arbalest (freeze)
rCold   . . .        (shield currently unavailable)
rNeg    . . .        c - +0 leather armour
rPois   .            (no helmet)
rElec   .            y - +0 cloak
rCorr   .            (no gloves)
SInv    .            (no boots)
Will    .....        (no amulet) Stlth
                     q - +4 ring of protection
HPRegen 0.29/turn    (no ring)
MPRegen 0.11/turn

%: no passive effects
@: berserking, very quick
A: no striking features
a: no special abilities


You were on level 5 of the Dungeon.
You visited 1 branch of the dungeon, and saw 5 of its levels.

You collected 399 gold pieces.
You spent 251 gold pieces at shops.

Inventory:

Hand Weapons
 z - a +1 arbalest of freezing (weapon)
Armour
 c - a +0 leather armour (worn)
 o - a +2 cloak
 y - a +0 cloak (worn)
Jewellery
 q - a +4 ring of protection (left hand)
Wands
 a - a wand of quicksilver (2)
 r - a wand of roots (19)
Scrolls
 b - a scroll of butterflies
 e - a scroll of poison {unknown}
 f - 2 scrolls of immolation {unknown}
 i - 2 scrolls of enchant weapon {unknown}
 j - a scroll of teleportation {unknown}
 k - a scroll of amnesia {unknown}
 p - 2 scrolls of identify {unknown}
 u - a scroll of vulnerability {unknown}
 w - a scroll of enchant armour {unknown}
Potions
 h - a potion of berserk rage
 l - a potion of might {unknown}
 m - a potion of mutation {unknown}
 n - 2 potions of lignification {unknown}
 s - a potion of magic {unknown}
 t - a potion of invisibility {unknown}
 v - 3 potions of heal wounds {unknown}
 x - a potion of cancellation {unknown}


   Skills:
 - Level 1.5 Fighting
 + Level 11.8 Ranged Weapons
 - Level 2.4 Dodging
 - Level 1.2 Stealth


You had 6 spell levels left.
You didn't know any spells.
Your spell library contained the following spells:

 Spells                   Type           Power      Damage    Failure   Level
 Sublimation of Blood     Necr           0%         N/A       54%         2
 Ozocubu's Armour         Ice            0%         N/A       77%         3
 Petrify                  Alch/Erth      0%         N/A       99%         4
 Irradiate                Conj/Alch      0%         3d11      100%        5
 Metabolic Englaciation   Hex/Ice        0%         N/A       100%        5
 Sculpt Simulacrum        Ice/Alch       0%         N/A       100%        6


Dungeon Overview and Level Annotations

Branches:
Dungeon (5/15)
 Temple: D:4-7

Altars:
Dithmenos
Yredelemnul

Shops:
D:1 *   D:4 (

Annotations:
D:4 Edmund


Message History

You shoot a bolt. The bolt hits the yak!
The bolt freezes the yak!
The yak is severely wounded.
The yak completely misses you.
You shoot a bolt. The bolt hits the yak.
The bolt freezes the yak.
The yak is severely wounded.
The yak gores you. The yak gores you but does no damage.
You shoot a bolt. The bolt hits the yak!!
The bolt freezes the yak.
You kill the yak!
The shadow strikes at you from the darkness!
Ouch! That really hurt!
* * * LOW HITPOINT WARNING * * *
Reactivating autopickup.
You are too injured to fight recklessly!
You are too injured to fight recklessly!
Fire: z) +1 arbalest (freeze)
Press: ? - help, Q - select action, (/) - cycle Shift-Dir - straight line, f - shadow
Aim: a shadow (64% to hit)
You shoot a bolt. The bolt closely misses the shadow.
The shadow closely misses you.
It was a potion of berserk rage.
A red film seems to cover your vision as you go berserk!
You feel yourself moving faster!
You feel mighty! The shadow hits you!
* * * LOW HITPOINT WARNING * * *
You are too berserk!
Unknown command.
You are too berserk!
Unknown command.
Unknown command.
Unknown command.
You are too berserk!
You barely miss the shadow. The shadow hits you.
You clumsily bash the shadow but do no damage.
The shadow hits you.
* * * LOW HITPOINT WARNING * * *
You barely miss the shadow. The shadow misses you.
You barely miss the shadow. The shadow misses you.
You barely miss the shadow. The shadow hits you.
You clumsily bash the shadow but do no damage.
The shadow hits you.
You die...

.##### ###....###................
.# #..........###..........#. ##
####.#.###........#..##..#.##
#####....#.# #####.##...........
##....###..# #..##.........)
...####...### ##.##.........
####...[#...# #....####..#
###.......#.##########...##.##
##........#..#.#@# #........#
..........#.###.#W..#....†...##
##........#..#.####.#.........###
##.......#.###.# #............
##....#.#..#.## #..>.....####
##..).####.#.## #.......## #
##...######.### #.>[....# #
..........#.. #.......# #
....########. #########


You could see a shadow.

Vanquished Creatures
  A yak (D:5)
  Menkaure (D:4)
  An ice beast (D:5)
  A howler monkey (D:4)
  A hound (D:5)
  A bombardier beetle (D:4)
  A jelly (D:5)
  Crazy Yiuf (D:2)
  Terence (D:3)
  Jessica (D:2)
  Ijyb (D:3)
  2 adders
  4 ufetubi (D:5)
  3 dart slugs
  A ribbon worm (D:2)
  4 orcs
  5 ball pythons
  4 endoplasms
  A giant cockroach (D:3)
  4 goblins
  13 hobgoblins
  5 kobolds
  4 quokkas
  5 bats
  4 frilled lizards
  4 rats
74 creatures vanquished.

Notes
Turn   | Place    | Note
-------+----------+-------------------------------------------
     0 | D:1      | groovy9 the Deep Elf Hunter began the quest for the Orb.
     0 | D:1      | Reached XP level 1. HP: 12/12 MP: 3/3
    49 | D:1      | Found Aled's Assorted Antiques.
   178 | D:1      | Reached XP level 2. HP: 16/16 MP: 4/4
   228 | D:1      | Reached skill level 6 in Ranged Weapons
   693 | D:1      | Bought a scroll labelled TADIDGH VYNG for 20 gold pieces
   693 | D:1      | Bought a scroll labelled POENUA EHIOGYN for 20 gold pieces
   883 | D:2      | Reached XP level 3. HP: 20/20 MP: 5/5
   887 | D:2      | Identified the +0 chain mail "Bagutt" {^Drain Will++}
  1162 | D:2      | Found a runed translucent door.
  1163 | D:2      | Noticed Crazy Yiuf
  1172 | D:2      | HP: 1/20 [Crazy Yiuf/+3 quarterstaff of chaos (2)]
  1173 | D:2      | Killed Crazy Yiuf
  1174 | D:2      | Reached skill level 7 in Ranged Weapons
  1329 | D:2      | Noticed Jessica
  1330 | D:2      | Reached XP level 4. HP: 25/25 MP: 6/6
  1339 | D:2      | Killed Jessica
  1423 | D:3      | Noticed Ijyb
  1608 | D:3      | Reached skill level 8 in Ranged Weapons
  1690 | D:3      | Found a shadowy altar of Dithmenos.
  1690 | D:3      | Found a basalt altar of Yredelemnul.
  1921 | D:3      | Noticed Terence
  1933 | D:3      | Killed Terence
  1934 | D:3      | Reached XP level 5. HP: 28/29 MP: 7/7
  2093 | D:3      | HP: 1/29 [Ijyb/bolt of dispelling energy (11)]
  2110 | D:3      | HP: 1/29 [Ijyb/bolt of dispelling energy (9)]
  2610 | D:4      | Found a transporter.
  2719 | D:4      | Noticed Menkaure
  2864 | D:4      | Reached skill level 9 in Ranged Weapons
  2871 | D:4      | Killed Menkaure
  2872 | D:4      | Reached skill level 10 in Ranged Weapons
  2872 | D:4      | Reached XP level 6. HP: 32/34 MP: 8/8
  2890 | D:4      | Noticed Edmund
  3173 | D:4      | Found a transporter.
  3173 | D:4      | Found Kaimuubi's Weapon Shop.
  3289 | D:4      | Bought a +1 arbalest of freezing for 211 gold pieces
  3306 | D:5      | Entered Level 5 of the Dungeon
  3552 | D:3      | Killed Ijyb
  3751 | D:5      | Noticed an ice beast
  3755 | D:5      | Killed an ice beast
  3756 | D:5      | Reached skill level 11 in Ranged Weapons
  3756 | D:5      | Reached XP level 7. HP: 38/38 MP: 9/9
  3964 | D:5      | Noticed a yak
  3966 | D:5      | Noticed a shadow
  3972 | D:5      | Killed a yak
  3974 | D:5      | HP: 1/57 [shadow (8)]
  3980 | D:5      | Slain by a shadow

Illustrated notes

Levels and vault maps discovered:
D:1:      amcnicky_arrival_gap_in_the_tavern_cellar, layout_loops_ring,
          serial_shops, shop, serial_forest, infiniplex_forest_clump_medium,
          infiniplex_forest_straight_4, infiniplex_forest_lined_4_way,
          infiniplex_forest_clump_cross, infiniplex_forest_clump_small,
          minmay_pentomino_s2
D:2:      layout_rooms, uniq_crazy_yiuf_cottage, uniq_jessica
D:3:      layout_basic, jmf_multi_god_temple, hangedman_decor_points,
          uniq_terence, uniq_ijyb
D:4:      layout_rooms, serial_shops, nicolae_shop_drivethru, uniq_menkaure,
          uniq_edmund
D:5:      layout_rooms, minmay_small_thing

Skill      XL: |  1  2  3  4  5  6 |
---------------+-------------------+-----
Ranged Weapons | 6 7 8 10 11 | 11.8
Fighting       | |  1.5
Dodging        | |  2.4
Stealth        | |  1.2

Action                     |  1- 3 |  4- 6 |  7- 9 || total
---------------------------+-------+-------+-------++-------
  Melee: Arbalest          |       |       |     6 ||     6
   Fire: Shortbow          |    87 |   113 |       ||   200
         Arbalest          |       |    34 |    10 ||    44
    Use: Potion            |       |     4 |     1 ||     5
 Armour: Leather armour    |    12 |    42 |     9 ||    63
  Dodge: Dodged            |     9 |    48 |     9 ||    66
